 Dungeon Crawl Stone Soup version 0.19-a0-831-gce7da8b (webtiles) character file.

8544 ThermosAquaticus the Archer (level 11, -10/80 HPs)
             Began as a High Elf Hunter on June 30, 2016.
             Was a High Priest of Okawaru.
             Killed by divine providence
             ... invoked by a meliai
              (14 damage)
             ... on level 10 of the Dungeon.
             The game lasted 00:40:20 (12497 turns).

ThermosAquaticus the Archer (High Elf Hunter)      Turns: 12497, Time: 00:40:22

Health: -10/80     AC: 13    Str: 11    XL:     11   Next: 11%
Magic:  0/15       EV: 20    Int: 15    God:    Okawaru [*****.]
Gold:   428        SH:  0    Dex: 20    Spells: 0 memorised, 10 levels left

rFire  . . .     SeeInvis .     a - +1 shortbow
rCold  + . .     Gourm    .     o - +0 ring mail
rNeg   . . .     Faith    .     (shield currently unavailable)
rPois  +         Spirit   +     d - +1 helmet
rElec  .         Dismiss  .     P - +1 cloak
rCorr  .         Reflect  .     (no gloves)
SustAt .         Harm     .     s - +0 pair of boots
MR     +....                    O - amulet of guardian spirit
Stlth  +++.......               x - ring of protection from cold
                                F - ring of poison resistance

@: about to teleport, heroism, very slightly contaminated, hasted, very quick,
somewhat resistant to hostile enchantments, fairly stealthy
A: no striking features
a: Heroism, Finesse, Renounce Religion


You were on level 10 of the Dungeon.
You worshipped Okawaru.
Okawaru was extremely pleased with you.
You were not hungry.

You visited 2 branches of the dungeon, and saw 11 of its levels.

You collected 701 gold pieces.
You spent 273 gold pieces at shops.

Inventory:

Hand Weapons
 a - a +1 shortbow (weapon)
 b - a +1 flail of protection
Missiles
 E - 2 throwing nets
 J - 67 arrows (quivered)
Armour
 d - a +1 helmet (worn)
 o - a +0 ring mail (worn)
 p - a +0 leather armour of cold resistance
 s - a +0 pair of boots (worn)
 P - a +1 cloak (worn)
Magical Staves
 G - an uncursed staff of conjuration {unknown}
Jewellery
 g - a +2 ring of dexterity
 i - an uncursed ring of see invisible
 v - a +4 ring of strength
 x - a ring of protection from cold (right hand)
 F - a ring of poison resistance (left hand)
 I - an uncursed amulet of rage {unknown}
 O - an amulet of guardian spirit (around neck)
Wands
 C - a wand of teleportation (9/9)
 K - a wand of digging (5/24)
 R - a wand of acid (11/15)
Scrolls
 l - 2 scrolls of teleportation
 m - a scroll of fog
 r - 4 scrolls of recharging
 u - a scroll of amnesia
 w - 2 scrolls of remove curse
 y - a scroll of noise
 A - 2 scrolls of magic mapping
 Q - a scroll of blinking
Potions
 h - a potion of brilliance
 j - 2 potions of agility
 n - 2 potions of curing
 q - 4 potions of might
 H - a potion of haste
 L - 2 potions of lignification
 M - a potion of resistance
Books
 c - a book of Debilitation

   Spells                             Type                      Level
   a - Corona                         Hexes                        1
   b - Slow                           Hexes                        2
   c - Gell's Gravitas                Hexes/Translocation          3
   d - Inner Flame                    Hexes/Fire                   3
   e - Cause Fear                     Hexes                        4
   f - Leda's Liquefaction            Hexes/Earth                  4
 e - a book of Geomancy

   Spells                             Type                      Level
   a - Sandblast                      Earth                        1
   b - Passwall                       Transmutation/Earth          2
   c - Stone Arrow                    Conjuration/Earth            3
   d - Petrify                        Transmutation/Earth          4
   e - Lee's Rapid Deconstruction     Earth                        5
 D - a book of Maledictions

   Spells                             Type                      Level
   a - Corona                         Hexes                        1
   b - Ensorcelled Hibernation        Hexes/Ice                    2
   c - Confuse                        Hexes                        3
   d - Tukima's Dance                 Hexes                        3
   e - Dazzling Spray                 Conjuration/Hexes            3
 N - a book of Summonings

   Spells                             Type                      Level
   a - Recall                         Summoning/Translocation      3
   b - Aura of Abjuration             Summoning                    5
   c - Summon Demon                   Summoning                    5
   d - Summon Forest                  Summoning/Translocation      5
   e - Summon Mana Viper              Hexes/Summoning              5
   f - Shadow Creatures               Summoning                    6
Comestibles
 f - 5 bread rations
 k - 3 meat rations
 z - 5 fruits
 B - a beef jerky


   Skills:
 + Level 9.4(14.4) Fighting
 - Level 14.0(19.0) Bows
 + Level 4.9(9.9) Armour
 - Level 8.0(13.0) Dodging
 - Level 1.2(6.2) Stealth
 + Level 5.3 Invocations


You had 10 spell levels left.
You didn't know any spells.

Dungeon Overview and Level Annotations

Branches:
Dungeon (10/15)            Temple (1/1) D:5
   Lair: D:8-11         Orc: D:9-12

Altars:
Ashenzari
Cheibriados
Dithmenos
Elyvilon
Fedhas
Gozag
Hepliaklqana
Kikubaaqudgha
Makhleb
Nemelex Xobeh
Okawaru
Pakellas
Qazlal
Ru
Sif Muna
Trog
Uskayaw
Vehumet
Xom
Yredelemnul
Zin
The Shining One

Shops:
D:5 [=**!   D:8 :%(}%   D:9 [


Message History

You feel better. The meliai completely misses you.
The meliai closely misses you.
The meliai calls upon its god to heal the meliai.
The meliai's wounds heal themselves!
The meliai hits you but does no damage. The meliai closely misses you.
Press: ? - help, v - describe, . - travel, g - get item
Here: a meliai, wielding a hand axe and wearing a leather armour 2 arrows.
The floor.
As you read the scroll of teleportation, it crumbles to dust.
You feel strangely unstable. The meliai closely misses you.
The meliai completely misses you.
Okay, then.
You feel better.
The meliai mumbles some strange prayers to its god against you.
Something smites you!
* * * LOW HITPOINT WARNING * * *
The meliai mumbles some strange prayers to its god against you.
Something smites you!
You die...

#..## ##.รท# #######)###
# #.........# #
#.........# ######+ ###
#.........###.......
..####.........#yy..$..s.
.....#.....)...#y#.......
..##.#.........#@#.......
..##.#.........'.#.......
..##.'.........###...y...
..####.........# ......$
..# #.........# .....y.
..# #.........# .......
..# #.........# ..#
#.........# ###
###########


You could see 3 meliai.

Vanquished Creatures
  An unseen horror (D:10)
  A hill giant (D:10)
  Pikel (D:9)
  A two-headed ogre (D:9)
  Prince Ribbit (D:9)
  An orc warrior (D:9)
  6 yaks (D:10)
  2 hippogriffs
  3 hungry ghosts
  Menkaure (D:5)
  Duvessa (D:7)
  2 water moccasins
  2 ice beasts
  A slave (D:9)
  A black bear (D:9)
  4 sky beasts
  4 ogres
  4 phantoms
  2 centaurs
  6 giant frogs
  A wyvern zombie (D:9)
  A water moccasin zombie (D:7)
  Dowan (D:7)
  A wyvern skeleton (D:8)
  4 scorpions
  9 wights (D:8)
  3 vampire bats (D:8)
  8 orc wizards
  7 hounds
  5 orc priests
  2 centaur skeletons
  3 jellies
  2 iguanas
  Terence (D:2)
  Natasha (thrice) (D:4)
  12 worker ants
  2 hound zombies (D:7)
  A howler monkey skeleton (D:7)
  4 gnolls
  10 adders
  3 shadow imps
  2 worms
  5 dart slugs
  7 giant geckos
  39 orcs
  2 bat skeletons (D:8)
  3 bat zombies (D:8)
  9 giant cockroaches
  9 goblins
  6 hobgoblins
  14 jackals
  6 quokkas
  2 ball pythons
  6 bats
  A giant gecko zombie (D:8)
  2 giant newts
  7 kobolds
  2 quokka skeletons
  11 rats
261 creatures vanquished.

Vanquished Creatures (others)
  2 slaves (D:9)
  A centaur zombie (D:9)
  A worker ant (D:9)
  A giant gecko (D:9)
  A goblin (D:1)
  A rat (D:1)
7 creatures vanquished.

Grand Total: 268 creatures vanquished

Notes
Turn   | Place    | Note
--------------------------------------------------------------
     0 | D:1      | ThermosAquaticus the High Elf Hunter began the quest for the Orb.
     0 | D:1      | Reached XP level 1. HP: 14/14 MP: 2/2
   374 | D:1      | Reached XP level 2. HP: 19/19 MP: 3/3
   768 | D:1      | Reached skill level 6 in Bows
  1063 | D:2      | Noticed Terence
  1081 | D:2      | Reached XP level 3. HP: 24/24 MP: 4/4
  1094 | D:2      | Killed Terence
  1144 | D:2      | Found a burning altar of Makhleb.
  1244 | D:2      | Found a faded altar of an unknown god.
  1362 | D:2      | Reached XP level 4. HP: 20/29 MP: 5/5
  1700 | D:3      | Found a deep blue altar of Sif Muna.
  1732 | D:3      | Reached skill level 7 in Bows
  1766 | D:3      | Found a glowing golden altar of the Shining One.
  2903 | D:4      | Reached XP level 5. HP: 30/34 MP: 6/6
  3072 | D:4      | Noticed Natasha
  3083 | D:4      | Killed Natasha
  3083 | D:4      | Reached skill level 8 in Bows
  3086 | D:4      | Noticed Natasha
  3089 | D:4      | Killed Natasha
  3518 | D:4      | Reached skill level 9 in Bows
  3682 | D:4      | Reached XP level 6. HP: 31/39 MP: 7/7
  3960 | D:4      | Reached skill level 10 in Bows
  3976 | D:4      | Noticed Natasha
  3984 | D:4      | Killed Natasha
  4181 | D:4      | Reached XP level 7. HP: 43/45 MP: 8/8
  4448 | D:5      | Entered Level 5 of the Dungeon
  4511 | D:5      | Found Iffeax's Antique Armour Shop.
  4517 | D:5      | Noticed Menkaure
  4531 | D:5      | Killed Menkaure
  4531 | D:5      | Reached skill level 11 in Bows
  4553 | D:5      | Bought a pair of boots for 117 gold pieces
  4682 | D:5      | Bought a helmet for 117 gold pieces
  5003 | D:5      | Found Nycvej's Jewellery Shop.
  5085 | D:5      | Found Cidiotol's General Store.
  5151 | D:5      | Found Xajixuydgh's Distillery.
  5269 | D:5      | Found Hyomed's General Store.
  5277 | D:5      | Bought 18 arrows for 39 gold pieces
  5761 | D:5      | Reached skill level 12 in Bows
  5866 | D:5      | Found a staircase to the Ecumenical Temple.
  5915 | D:5      | Reached XP level 8. HP: 19/50 MP: 9/9
  6110 | Temple   | Entered the Ecumenical Temple
  6201 | Temple   | Became a worshipper of Warmaster Okawaru
  6497 | D:6      | Reached skill level 13 in Bows
  7229 | D:7      | Noticed Duvessa
  7236 | D:7      | Noticed Dowan
  7249 | D:7      | Killed Duvessa
  7249 | D:7      | Reached * piety under Okawaru
  7256 | D:7      | Killed Dowan
  7567 | D:7      | Reached XP level 9. HP: 55/58 MP: 10/10
  7667 | D:7      | Reached skill level 5 in Dodging
  7794 | D:7      | Reached ** piety under Okawaru
  8217 | D:7      | Reached skill level 5 in Fighting
  8502 | D:8      | Reached skill level 14 in Bows
  8596 | D:8      | Found a deep blue altar of Sif Muna.
  8781 | D:8      | Found Iteep's Gadget Shop.
  8786 | D:8      | Found Numaki's Weapon Emporium.
  8804 | D:8      | Found Jegurunoh's Food Shop.
  9512 | D:8      | Found an ancient bone altar of Kikubaaqudgha.
  9523 | D:8      | Reached *** piety under Okawaru
  9613 | D:8      | Received a gift from Okawaru
  9648 | D:8      | Found Tikedih's Food Emporium.
  9648 | D:8      | Found Aqaso's Book Shop.
  9691 | D:8      | Reached XP level 10. HP: 53/71 MP: 11/11
  9965 | D:8      | Found a sacrificial altar of Ru.
  9965 | D:8      | Found a radiant altar of Vehumet.
 10172 | D:9      | Reached skill level 1 in Armour
 10485 | D:9      | Noticed Pikel
 10516 | D:9      | Killed Pikel
 10516 | D:9      | Reached skill level 1 in Invocations
 10965 | D:9      | Found Loingutt's Armour Boutique.
 11470 | D:9      | Noticed Prince Ribbit
 11487 | D:9      | Killed Prince Ribbit
 11487 | D:9      | Reached **** piety under Okawaru
 11742 | D:10     | Entered Level 10 of the Dungeon
 11985 | D:10     | Noticed an unseen horror
 12003 | D:10     | Killed an unseen horror
 12134 | D:10     | Noticed a hill giant
 12160 | D:10     | Killed a hill giant
 12160 | D:10     | Reached ***** piety under Okawaru
 12160 | D:10     | Reached skill level 5 in Invocations
 12160 | D:10     | Reached XP level 11. HP: 33/80 MP: 6/15
 12497 | D:10     | HP: 4/80 [meliai/divine providence (14)]
 12497 | D:10     | Killed from afar by a meliai

Vault maps used:
D:1:      shiori_arrival_oz, nrook_mini_backslash, minmay_pentomino_x2
D:2:      lemuel_crystal_altar, ecumenical_altar_1, uniq_terence
D:3:      grunt_temple_overflow_open, first_bread
D:4:      uniq_natasha
D:5:      serial_shops, shop, kennysheep_little_box, shop, shop,
          nicolae_shop_statue_plus, uniq_menkaure
D:6:      st_stairs_2
D:7:      uniq_duvessa
D:8:      gammafunk_temple_overflow_elements, kennysheep_vampire_church,
          basic_altar, serial_shops, shop_statue, shop, shop, shop, shop,
          grunt_decor_mini_mirrors
D:9:      serial_shops, shop, uniq_pikel, uniq_prince_ribbit1
D:10:     orc_0_dummy
Temple:   minmay_temple_bridge_d

Skill      XL: |  1  2  3  4  5  6  7  8  9 10 |
---------------+-------------------------------+-----
Bows           | 6 7 9 10 12 13 14 | 14.0
Dodging        | 3 4 8 |  8.0
Fighting       | 4 7 9 |  9.4
Armour         | 4 |  4.9
Invocations    | 5 |  5.3
Stealth        | |  1.2

Action                   |  1- 3 |  4- 6 |  7- 9 | 10-12 || total
-------------------------+-------+-------+-------+-------++-------
Melee: Short sword       |    63 |   185 |   258 |       ||   506
       Flail             |       |       |    17 |   147 ||   164
 Fire: Shortbow          |    31 |   107 |   500 |   256 ||   894
Throw: Throwing net      |       |       |     1 |       ||     1
Invok: Heroism           |       |       |       |     2 ||     2
  Use: Scroll            |       |       |    18 |     6 ||    24
       Potion            |       |       |     5 |     4 ||     9
 Stab: Sleeping          |     3 |     2 |     1 |     3 ||     9
       Distracted        |     1 |       |       |     1 ||     2
       Held in net/web   |       |       |     1 |       ||     1
  Eat: Chunk             |     1 |     9 |    19 |    10 ||    39
Armor: Leather armour    |    11 |    40 |    21 |       ||    72
       Ring mail         |       |       |   118 |    92 ||   210
Dodge: Dodged            |    36 |   179 |   356 |   220 ||   791
